 Dungeon Crawl Stone Soup version 0.24-a0-243-g8f5f5cd (webtiles) character file.

Game seed: 17046529868055720052

49005 robertstho the Bludgeoner (level 14, -3/136 HPs)
             Began as a Gargoyle Monk on Apr 9, 2019.
             Was an Initiate of Gozag.
             Slain by Agnes
             ... wielding a +3 lajatang of speed
              (12 damage)
             ... on level 15 of the Dungeon.
             The game lasted 00:44:14 (16287 turns).

robertstho the Bludgeoner (Gargoyle Monk)          Turns: 16287, Time: 00:44:17

Health: -3/136     AC: 34    Str: 30    XL:     14   Next: 48%
Magic:  0/23       EV: 13    Int: 12    God:    Gozag
Gold:   3402       SH:  0    Dex: 12    Spells: 13/13 levels left

rFire    + + .     SeeInvis .   M - +7 mace of Variability {chain chaos}
rCold    . . .     Gourm    .   (shield currently unavailable)
rNeg     + . .     Faith    .   a - +0 plate armour {rF+}
rPois    ∞         Spirit   +   (no helmet)
rElec    +         Reflect  .   g - +0 cloak
rCorr    .         Harm     .   x - +2 pair of gloves
MR       ++...                  C - +2 pair of boots
Stlth    ..........             t - amulet of guardian spirit
HPRegen  0.32/turn              R - ring of protection from fire
MPRegen  0.18/turn              u - ring of the Immovable Wonders {MR+ MP+9 Str+6 Stlth-}

@: berserking, very quick
A: big wings, negative energy resistance 1, electricity resistance, unbreathing,
petrification resistance, rot immunity, AC +10
a: Fly, Potion Petition, Call Merchant, Bribe Branch, Renounce Religion


You were on level 15 of the Dungeon.
You worshipped Gozag.
Gozag was most pleased with you.
You were not hungry.

You visited 1 branch of the dungeon, and saw 14 of its levels.
You also visited: Bailey and Ice Cave.

You collected 4745 gold pieces.
You spent 1133 gold pieces at shops.
You paid 210 gold pieces to Gozag.

Inventory:

Hand Weapons
 m - the +6 hunting sling "Ojapocwi" {freeze, Dex+4}
   (You found it on level 13 of the Dungeon)

   It causes projectiles fired from it to freeze those they strike, causing
   extra injury to most foes and up to half again as much damage against
   particularly susceptible opponents.
   They can also slow down cold-blooded creatures.
   It affects your dexterity (+4).
 s - the +4 hunting sling of Wegoggie {flame, +Fly MR+ Str-3}
   (You bought it in a shop on level 8 of the Dungeon)

   It causes projectiles fired from it to burn those they strike, causing extra
   injury to most foes and up to half again as much damage against particularly
   susceptible opponents.
   It affects your strength (-3).
   It affects your resistance to hostile enchantments.
   It lets you fly.
 z - the +10 flail of Hefun {venom, MR++ Dex+4}
   (You bought it in a shop on level 8 of the Dungeon)

   It poisons the flesh of those it strikes.
   It affects your dexterity (+4).
   It affects your resistance to hostile enchantments.
 D - a +3 scimitar of flaming
 M - the +7 mace of Variability (weapon) {chain chaos}
   (You found it in an ice cave)

   Each time it hits an enemy it has a different, random effect.
 N - the +10 glaive of Earthquakes {chop, rC+}
   (You found it in an ice cave)

   It inflicts extra damage upon your enemies.
   It protects you from cold.
Missiles
 o - 88 sling bullets
Armour
 a - a +0 plate armour of fire resistance (worn)
 g - a +0 cloak (worn)
 x - a +2 pair of gloves (worn)
 C - a +2 pair of boots (worn)
Jewellery
 b - a +4 ring of dexterity
 t - an amulet of guardian spirit (around neck)
 u - the ring of the Immovable Wonders (right hand) {MR+ MP+9 Str+6 Stlth-}
   (You found it on level 13 of the Dungeon)

   [ring of attention]

   It affects your strength (+6).
   It affects your resistance to hostile enchantments.
   It affects your magic capacity (+9).
   It makes you less stealthy.
 B - an uncursed ring of see invisible
 Q - an uncursed ring of protection from fire
 R - a ring of protection from fire (left hand)
Wands
 G - a wand of clouds (4)
 I - a wand of acid (4)
Scrolls
 e - 8 scrolls of remove curse
 f - 7 scrolls of teleportation
 i - 5 scrolls of blinking
 n - 2 scrolls of enchant weapon
 r - 2 scrolls of immolation {unknown}
 A - 4 scrolls of identify
 F - a scroll of enchant armour
 J - a scroll of torment
 L - a scroll of amnesia
 O - 3 scrolls of magic mapping
Potions
 d - a potion of brilliance
 l - 2 potions of ambrosia
 q - 6 potions of curing
 w - 4 potions of mutation
 E - a potion of might
 H - 4 potions of flight
 P - a potion of cancellation
Comestibles
 c - 5 rations


   Skills:
 + Level 11.6 Fighting
 + Level 15.3 Maces & Flails
 + Level 1.3 Throwing
 * Level 12.7 Armour
 * Level 10.0 Dodging
 - Level 3.0 Stealth


You had 13 spell levels left.
You didn't know any spells.
Your spell library contained the following spells:

 Spells                   Type           Power        Failure   Level  Hunger
 Flame Tongue             Conj/Fire      #....        90%         1    ##.....
 Cause Fear               Hex            #.........   100%        4    #####..
 Bolt of Fire             Conj/Fire      #.........   100%        6    #######
 Dragon Form              Tmut           #.........   100%        7    #######
 Dragon's Call            Summ           #.........   100%        9    #######


Dungeon Overview and Level Annotations

Branches:
Dungeon (13/15)            Temple (0/1) D:7            Lair (0/6) D:9
    Orc (0/2) D:9          Vaults (0/5) D:13

Altars:
Ashenzari
Cheibriados
Elyvilon
Fedhas
Gozag
Qazlal
Ru
Sif Muna
Trog
Wu Jian
Xom
Yredelemnul

Shops:
D:8 (   D:9 %   D:10 *

Annotations:
D:5 1 runed translucent door
D:15 Agnes
Abyss:1 Rupert


Innate Abilities, Weirdness & Mutations

You are resistant to torment.
Your stone body is resilient. (AC +10)
You are immune to poison.
Your large and strong wings let you fly indefinitely.
You resist negative energy. (rN+)
You are resistant to electric shocks. (rElec)
You can survive without breathing.
You are immune to petrification.
You are immune to rotting.


Message History

* * * LOW HITPOINT WARNING * * *
You miss Agnes.
Agnes is heavily wounded.
Agnes hits you but does no damage.
Unknown command.
You thump Agnes!
Agnes is heavily wounded.
Agnes hits you with a +3 lajatang of speed.
* * * LOW HITPOINT WARNING * * *
Your plate armour prevents you from hitting Agnes.
Agnes is heavily wounded.
Agnes hits you with a +3 lajatang of speed!
* * * LOW HITPOINT WARNING * * *
You completely miss Agnes.
Agnes is heavily wounded.
Agnes hits you with a +3 lajatang of speed.
* * * LOW HITPOINT WARNING * * *
Agnes hits you with a +3 lajatang of speed!
You die...
Your body crumbles into a pile of gold.

###.......(
#..........
#..........
#########..........
...................
...................
............i......
...........@#
............#
###.....## #.....'#
#.....'# #.....##
#.....# #.....#
#.....#


You could see Agnes.

Vanquished Creatures
  A frost giant (IceCv)
  Azrael (D:13)
  2 vault guards (D:13)
  Erolcha (D:10)
  2 centaur warriors (D:13)
  Erica (D:10)
  2 two-headed ogres (D:10)
  3 death yaks (D:9)
  Nergalle (D:10)
  A deep elf knight (Bailey)
  An unseen horror (D:11)
  2 flayed ghosts (D:13)
  2 wizards (D:13)
  2 necromancers (D:13)
  The ghost of zazu2006 the Grave Robber, a novice DDNe (D:5)
  2 ugly things
  9 deep elf magi (Bailey)
  2 slime creatures (D:12)
  Maurice (D:10)
  2 ice statues (IceCv)
  Psyche (D:11)
  2 centaur skeletons
  3 gargoyles
  6 meliai
  A meliai (shapeshifter) (D:13)
  4 trolls
  20 polar bears (IceCv)
  2 hornets
  2 hippogriffs
  A meliai zombie (D:12)
  2 shadows (D:11)
  29 yaks
  2 wyverns
  15 humans (D:13)
  3 fire elementals (D:13)
  A wraith (D:13)
  Grum (D:8)
  2 hungry ghosts
  3 vampire mosquitoes (D:13)
  2 acid dragons (D:13)
  A two-headed ogre zombie (D:9)
  3 hell hounds (D:13)
  15 orc warriors
  A water moccasin (D:12)
  3 phantoms
  3 sky beasts
  14 ice beasts
  2 black bears
  An eye of draining (D:8)
  A necrophage (D:7)
  9 ogres
  11 wolves
  7 centaurs
  A boggart (shapeshifter) (D:13)
  A crocodile (D:11)
  Blork the orc (D:5)
  A big kobold (D:10)
  6 bullfrogs
  A wyvern skeleton (D:12)
  A troll zombie (D:9)
  2 scorpions
  6 howler monkeys
  15 wights
  An electric eel (D:6)
  5 crimson imps
  3 bullfrog zombies
  6 hounds
  14 orc priests
  A gnoll shaman (D:5)
  2 jellies
  17 orc wizards
  3 bullfrog skeletons
  4 iguanas
  A worker ant (shapeshifter) (D:13)
  6 worker ants
  6 ogre zombies (D:9)
  A hound skeleton (D:5)
  4 gnolls (D:5)
  17 adders
  A river rat (D:5)
  5 shadow imps
  An ooze (D:5)
  An adder skeleton (D:8)
  4 worms
  2 dart slugs (D:1)
  8 leopard geckos
  58 orcs
  8 bats
  8 giant cockroaches
  14 goblins
  2 hobgoblins (D:2)
  17 jackals
  10 quokkas
  3 ball pythons
  4 frilled lizards
  2 goblin skeletons (D:9)
  4 goblin zombies (D:9)
  A jackal skeleton (D:4)
  A jackal zombie (D:7)
  11 kobolds
  3 orc skeletons (D:9)
  16 orc zombies (D:9)
  6 rats
528 creatures vanquished.

Vanquished Creatures (collateral kills)
  An unseen horror (D:13)
1 creature vanquished.

Vanquished Creatures (others)
  A human (D:13)
1 creature vanquished.

Grand Total: 530 creatures vanquished

Notes
Turn   | Place    | Note
-------+----------+-------------------------------------------
     0 | D:1      | robertstho the Gargoyle Monk began the quest for the Orb.
     0 | D:1      | Reached XP level 1. HP: 14/14 MP: 1/1
    45 | D:1      | Reached XP level 2. HP: 10/19 MP: 2/2
   392 | D:1      | Reached XP level 3. HP: 7/24 MP: 3/3
  1289 | D:2      | Noticed a bullfrog
  1316 | D:2      | Killed a bullfrog
  1316 | D:2      | Reached skill level 4 in Maces & Flails
  1316 | D:2      | Reached skill level 1 in Armour
  1316 | D:2      | Reached XP level 4. HP: 29/29 MP: 4/4
  1322 | D:2      | Reached XP level 5. HP: 30/33 MP: 5/5
  1542 | D:2      | Found a basalt altar of Yredelemnul.
  2311 | D:3      | Found a snail-covered altar of Cheibriados.
  2311 | D:3      | Found a bloodstained altar of Trog.
  2790 | D:4      | Found an opulent altar of Gozag.
  2803 | D:4      | Became a worshipper of Gozag Ym Sagoz the Greedy
  2931 | D:4      | Noticed an ogre
  2952 | D:4      | Killed an ogre
  2952 | D:4      | Reached XP level 6. HP: 33/39 MP: 6/6
  3004 | D:4      | Reached skill level 5 in Maces & Flails
  3055 | D:4      | Found a shattered altar of Ashenzari.
  3071 | D:4      | Reached XP level 7. HP: 18/44 MP: 7/7
  3678 | D:5      | Entered Level 5 of the Dungeon
  3804 | D:5      | Found a runed translucent door.
  3812 | D:5      | Noticed zazu2006's ghost (novice DDNe)
  3852 | D:5      | Killed zazu2006's ghost
  3852 | D:5      | Reached skill level 5 in Fighting
  3852 | D:5      | Reached skill level 6 in Maces & Flails
  3852 | D:5      | Reached XP level 8. HP: 41/49 MP: 8/8
  4041 | D:5      | Reached skill level 7 in Maces & Flails
  4099 | D:5      | Noticed Blork the orc
  4342 | D:5      | Killed Blork the orc
  4397 | D:5      | Found a runed translucent door.
  4529 | D:5      | Reached skill level 5 in Armour
  4695 | D:5      | Found a deep blue altar of Sif Muna.
  4816 | D:5      | Reached XP level 9. HP: 52/55 MP: 9/9
  5265 | D:6      | Reached skill level 5 in Dodging
  5333 | D:6      | Reached skill level 8 in Maces & Flails
  5335 | D:6      | Reached skill level 1 in Throwing
  5880 | D:7      | Found a staircase to the Ecumenical Temple.
  6108 | D:7      | Found a shimmering altar of Xom.
  6156 | D:7      | Found an ornate altar of the Wu Jian Council.
  6285 | D:8      | Noticed Grum
  6309 | D:8      | Killed Grum
  6547 | D:8      | Found a sacrificial altar of Ru.
  6573 | D:8      | Reached skill level 9 in Maces & Flails
  6631 | D:8      | Found a white marble altar of Elyvilon.
  6648 | D:8      | Reached XP level 10. HP: 43/61 MP: 10/10
  7225 | D:8      | Noticed a brown ugly thing
  7244 | D:8      | HP: 3/61 [acid (5)]
  7249 | D:8      | Killed a brown ugly thing
  7726 | D:8      | Found Pumith's Antique Weapon Emporium.
  7731 | D:8      | Bought a dazzling hunting sling for 221 gold pieces
  7731 | D:8      | Bought a slimy mace for 272 gold pieces
  7731 | D:8      | Bought a jewelled flail for 289 gold pieces
  7731 | D:8      | Identified the +4 hunting sling of Wegoggie {flame, +Fly
                  | MR+ Str-3} (You bought it in a shop on level 8 of the
                  | Dungeon)
  7732 | D:8      | Identified the cursed +0 mace "Rogg" {crush, rC+} (You
                  | bought it in a shop on level 8 of the Dungeon)
  7734 | D:8      | Identified the +10 flail of Hefun {venom, MR++ Dex+4} (You
                  | bought it in a shop on level 8 of the Dungeon)
  7899 | D:9      | Noticed a death yak
  7900 | D:9      | Found a staircase to the Lair.
  7900 | D:9      | Noticed a death yak
  7900 | D:9      | Noticed a death yak
  7915 | D:9      | Reached skill level 10 in Maces & Flails
  7937 | D:9      | Killed a death yak
  7944 | D:9      | Killed a death yak
  7951 | D:9      | Killed a death yak
  7951 | D:9      | Reached XP level 11. HP: 26/68 MP: 3/11
  8039 | D:9      | Reached skill level 11 in Maces & Flails
  8084 | D:9      | Found a staircase to the Orcish Mines.
  8456 | D:9      | Found a flagged portal.
  8479 | Bailey   | Entered a bailey
  8486 | Bailey   | Noticed a deep elf mage
  8497 | Bailey   | Killed a deep elf mage
  8507 | Bailey   | Noticed a deep elf mage
  8508 | Bailey   | Noticed a deep elf mage
  8508 | Bailey   | Noticed a deep elf mage
  8508 | Bailey   | Noticed a deep elf mage
  8508 | Bailey   | Noticed a deep elf mage
  8515 | Bailey   | Killed a deep elf mage
  8518 | Bailey   | Killed a deep elf mage
  8523 | Bailey   | Killed a deep elf mage
  8527 | Bailey   | Killed a deep elf mage
  8542 | Bailey   | Killed a deep elf mage
  8559 | Bailey   | Noticed a deep elf knight
  8573 | Bailey   | Killed a deep elf knight
  8609 | Bailey   | Noticed a deep elf mage
  8616 | Bailey   | Killed a deep elf mage
  8616 | Bailey   | Reached skill level 12 in Maces & Flails
  8646 | Bailey   | Noticed a deep elf mage
  8646 | Bailey   | Noticed a deep elf mage
  8652 | Bailey   | Killed a deep elf mage
  8665 | Bailey   | Killed a deep elf mage
  8831 | D:9      | Found Ihotow's Food Emporium.
  8836 | D:9      | Bought a ration for 65 gold pieces
  8836 | D:9      | Bought a ration for 65 gold pieces
  8836 | D:9      | Bought a ration for 65 gold pieces
  8893 | D:9      | Reached XP level 12. HP: 75/75 MP: 12/12
  9062 | D:10     | Entered Level 10 of the Dungeon
  9074 | D:10     | Noticed Erica
  9075 | D:10     | Noticed Nergalle
  9086 | D:10     | Killed Nergalle
  9097 | D:10     | Killed Erica
  9237 | D:10     | Noticed a two-headed ogre
  9251 | D:10     | Killed a two-headed ogre
  9310 | D:10     | Noticed Erolcha
  9319 | D:10     | Killed Erolcha
  9508 | D:10     | Noticed Maurice
  9515 | D:10     | Killed Maurice
  9809 | D:10     | Reached skill level 10 in Armour
  9820 | D:10     | Noticed a two-headed ogre
  9828 | D:10     | Killed a two-headed ogre
  9828 | D:10     | Reached skill level 13 in Maces & Flails
  9912 | D:10     | Found Zazoalepn's General Store.
  9920 | D:10     | Bought a scroll of teleportation for 36 gold pieces
  9920 | D:10     | Bought 2 scrolls of identify for 48 gold pieces
  9920 | D:10     | Bought a scroll of remove curse for 36 gold pieces
  9920 | D:10     | Bought a potion of curing for 36 gold pieces
 10266 | D:11     | Noticed Psyche
 10276 | D:11     | Killed Psyche
 10558 | D:11     | Found a stormy altar of Qazlal.
 11530 | D:12     | Reached XP level 13. HP: 77/82 MP: 13/13
 11752 | D:12     | Reached skill level 10 in Fighting
 11896 | D:12     | Found a frozen archway.
 11994 | IceCv    | Entered an ice cave
 12481 | IceCv    | Reached skill level 14 in Maces & Flails
 13030 | IceCv    | Noticed a frost giant
 13082 | IceCv    | Killed a frost giant
 13631 | IceCv    | Found the +7 mace of Variability {chain chaos}
 13646 | IceCv    | Got a translucent glaive
 14547 | D:13     | Noticed Rupert
 14550 | D:13     | Noticed Azrael
 14904 | D:13     | Found a blossoming altar of Fedhas.
 14915 | D:13     | HP: 2/84 [Azrael/+2 scimitar of flaming (18)]
 14917 | D:13     | Killed Azrael
 14917 | D:13     | Gained mutation: Your large and strong wings let you fly
                  | indefinitely. [Gargoyle growth]
 14917 | D:13     | Reached XP level 14. HP: 41/90 MP: 0/14
 15140 | D:13     | Banished Rupert
 15372 | D:13     | Got a bound ivory ring
 15374 | D:13     | Got a scorched hunting sling
 15552 | D:13     | Reached skill level 15 in Maces & Flails
 15648 | D:13     | Found a gate to the Vaults.
 15650 | D:13     | Reached skill level 10 in Dodging
 15692 | D:13     | Identified the ring of the Immovable Wonders {MR+ MP+9
                  | Str+6 Stlth-} (You found it on level 13 of the Dungeon)
 15974 | D:13     | Found a shimmering altar of Xom.
 16104 | D:13     | Got a bone hunting sling
 16105 | D:13     | Identified the +6 hunting sling "Ojapocwi" {freeze, Dex+4}
                  | (You found it on level 13 of the Dungeon)
 16106 | D:13     | Identified the +10 glaive of Earthquakes {chop, rC+} (You
                  | found it in an ice cave)
 16110 | D:13     | Identified the +1 hunting sling "Siyr" {flame, rC- MR+
                  | Str+4} (You found it on level 13 of the Dungeon)
 16257 | D:13     | You fall through a shaft for 2 floors!
 16257 | D:15     | Entered Level 15 of the Dungeon
 16266 | D:15     | Noticed Agnes
 16287 | D:15     | Slain by Agnes

Levels and vault maps discovered:
D:1:      matt_arrival_los_fun, layout_basic
D:2:      kennysheep_big_flooded_room, layout_basic, marbit_many_paths
D:3:      layout_loops_corners, chequers_temple_overflow_statue_of_worship
D:4:      layout_loops_cross, grunt_gozag_statues, cheibrodos_ashenzari_chains
D:5:      layout_loops_ring, ebering_ghost_sewer_f, first_ration, led_sif_book,
          uniq_blork_the_orc
D:6:      layout_gridville, minmay_misc_feat_plants, minivault_4
D:7:      layout_rooms, lemuel_coloured_pillars_altar, lemuel_round_altar,
          temple_statues
D:8:      layout_basic, old_standard_altar, nicolae_ru_great_annihilating_truth,
          serial_shops, kennysheep_little_box, uniq_grum
D:9:      layout_roguey, dpeg_lair_monsters, zombieorc2_lemuel, enter_bailey_3,
          serial_shops, shop
D:10:     layout_basic, serial_shops, shop_fountains, uniq_erolcha, uniq_erica,
          uniq_maurice, uniq_nergalle
D:11:     layout_basic, special_room [special_room_orc], serial_curves,
          eino_curves_01, eino_curves_01, basic_altar, minmay_orc_keep,
          uniq_psyche
D:12:     layout_basic, portal_ice_cave_entry_ice_beasts
D:13:     minmay_the_grid_four_pointed_star_mashed
          [minmay_the_grid_triangle_9x9_cache,
          minmay_the_grid_triangle_9x9_shrine,
          minmay_the_grid_triangle_9x9_odd_lines,
          minmay_the_grid_triangle_9x9_minimal,
          minmay_the_grid_prize_diamond_cup], layout_basic,
          grunt_vaults_entry_tiered, basic_altar, uniq_rupert, uniq_azrael
D:15:     grunt_enter_depths_giant_problem, layout_irregular_city,
          serial_park_avenue1, minmay_librarian, uniq_agnes
Bailey:   bailey_polearm_3, bailey
IceCv:    ice_cave_small_giant

Skill      XL: |  1  2  3  4  5  6  7  8  9 10 11 12 13 14 |
---------------+-------------------------------------------+-----
Fighting       | 4 5 6 7 8 9 11 | 11.6
Maces & Flails | 4 5 6 7 9 10 12 13 14 15 | 15.3
Armour         | 1 2 4 5 6 8 9 10 12 | 12.7
Dodging        | 3 4 5 7 8 9 10 | 10.0
Stealth        | 3 |  3.0
Throwing       | 1 |  1.3

Action                   |  1- 3 |  4- 6 |  7- 9 | 10-12 | 13-15 || total
-------------------------+-------+-------+-------+-------+-------++-------
Melee: Mace              |   116 |   192 |   104 |       |   160 ||   572
       Flail             |       |       |   333 |   710 |   191 ||  1234
       Great mace        |       |       |       |       |   266 ||   266
 Fire: Hunting sling     |       |       |       |       |     1 ||     1
Throw: Tomahawk          |       |       |     9 |       |       ||     9
       Javelin           |       |       |     8 |       |       ||     8
Invok: Potion Petition   |       |       |       |     1 |     1 ||     2
Evoke: Wand              |       |       |       |       |     3 ||     3
  Use: Potion            |     3 |     1 |     3 |     3 |    10 ||    20
       Scroll            |       |     4 |     2 |    13 |     8 ||    27
 Stab: Sleeping          |     4 |     4 |     1 |     3 |       ||    12
       Distracted        |       |     1 |     3 |     3 |     7 ||    14
       Paralysed         |       |       |     1 |       |     4 ||     5
       Petrifying        |       |       |       |       |     2 ||     2
       Confused          |       |       |       |       |     1 ||     1
       Petrified         |       |       |       |       |     1 ||     1
  Eat: Chunk             |     1 |     5 |       |       |       ||     6
       Ration            |       |       |     4 |     7 |     5 ||    16
Armor: Robe              |    24 |       |       |       |       ||    24
       Leather armour    |    26 |    56 |    66 |    86 |       ||   234
       Skin              |     5 |    10 |     5 |       |       ||    20
       Scale mail        |       |       |    53 |       |       ||    53
       Chain mail        |       |       |   119 |   183 |   429 ||   731
       Plate armour      |       |       |       |       |    22 ||    22
Dodge: Dodged            |    97 |   111 |   251 |   320 |   453 ||  1232

Table legend:
 A = Non-vault XP
 B = Vault XP
 C = Vault XP percentage of total XP
 D = Non-vault monster count
 E = Vault monster count
 F = Vault count percentage of total count
                 A         B        C        D         E       F
            +---------+---------+-------+---------+---------+-------
      Total |   27575 |   42433 |  60.6 |     336 |     195 |  36.7
            +---------+---------+-------+---------+---------+-------
        D:1 |      48 |       0 |   0.0 |      26 |       0 |   0.0
        D:2 |     150 |      17 |  10.2 |      23 |       3 |  11.5
        D:3 |      59 |       0 |   0.0 |      15 |       0 |   0.0
        D:4 |     499 |       0 |   0.0 |      21 |       0 |   0.0
        D:5 |     842 |     767 |  47.7 |      34 |       5 |  12.8
        D:6 |     409 |       0 |   0.0 |      13 |       0 |   0.0
        D:7 |     808 |       0 |   0.0 |      22 |       0 |   0.0
        D:8 |    2245 |     478 |  17.6 |      21 |       7 |  25.0
        D:9 |    1943 |    4322 |  69.0 |      24 |      48 |  66.7
       D:10 |    4537 |    3184 |  41.2 |      35 |       4 |  10.3
       D:11 |    4027 |    1723 |  30.0 |      35 |      35 |  50.0
       D:12 |    4142 |    1025 |  19.8 |      30 |       8 |  21.1
       D:13 |    7866 |   14991 |  65.6 |      37 |      39 |  51.3
     Bailey |       0 |    5852 | 100.0 |       0 |      10 | 100.0
      IceCv |       0 |   10074 | 100.0 |       0 |      36 | 100.0
            +---------+---------+-------+---------+---------+-------
